 Dungeon Sprint DCSS version 0.30.1-4-g462c640d31 (webtiles) character file.

Game seed: 6382515046703486859

777 Heoruswealwe the Fighter (level 7, -7/68 HPs)
             Began as a Demigod Fighter on Aug 16, 2023.
             Mangled by an ice devil (9 damage)
             ... summoned by a kobold demonologist
             ... in the Dungeon (Sprint I: "Red Sonja").
             The game lasted 00:01:59 (82 turns).

Heoruswealwe the Fighter (Demigod Fighter)            Turns: 82, Time: 00:02:02

Health: -7/68      AC:  8    Str: 25    XL:     7   Next: 28%
Magic:  9/9        EV:  9    Int: 10    God:
Gold:   108        SH:  6    Dex: 13    Spells: 6/6 levels left

rFire   . . .        a - +0 war axe
rCold   . . .        c - +0 buckler
rNeg    . . .        k - +0 scale mail {Will+}
rPois   .            (no helmet)
rElec   .            (no cloak)
rCorr   .            (no gloves)
SInv    .            (no boots)
Will    +....        (no amulet) Stlth
                     (no ring)
HPRegen 0.31/turn    (no ring)
MPRegen 0.11/turn

%: no teleportation
@: mighty, attractive
A: high MP 1, forlorn, divine attributes
a: no special abilities


You were in the Dungeon.
You visited 1 branch You collected 108 gold pieces.

Inventory:

Hand Weapons
 a - a +0 war axe (weapon)
Armour
 c - a +0 buckler (worn)
 k - a +0 scale mail of willpower (worn)
Wands
 i - a wand of iceblast (8)
Scrolls
 j - a scroll of blinking
Potions
 h - 2 potions of magic


   Skills:
 + Level 8.2 Fighting
 + Level 7.9 Axes
 + Level 8.2 Armour
 + Level 8.2 Shields


You had 6 spell levels left.
You didn't know any spells.
Your spell library was empty.

Dungeon Overview and Level Annotations

Branches:
Dungeon (1/1)


Innate Abilities, Weirdness & Mutations

You have an increased reservoir of magic. (+10% MP)
You shall have no god before yourself.
Your divine heritage dramatically boosts your attributes as you level up.


Message History

Your Axes skill increases to level 7!
You have reached level 7!
The kobold demonologist gestures wildly while chanting.
The floating eye gazes piercingly through you!
You suddenly lose the ability to move!
The sixfirhy hits you! The sixfirhy shocks you! The sixfirhy hits you!
The sixfirhy shocks you!
* * * LOW HITPOINT WARNING * * *
The floating eye seems to glare at you.
The kobold demonologist mumbles some strange words.
The sixfirhy hits you.
* * * LOW HITPOINT WARNING * * *
The sixfirhy shocks you!
* * * LOW HITPOINT WARNING * * *
The floating eye gazes piercingly through you!
You shrug off the repeated paralysis!
The kobold demonologist hits you with a +0 dagger.
* * * LOW HITPOINT WARNING * * *
The crimson imp hits you but does no damage.
The crimson imp hits you.
* * * LOW HITPOINT WARNING * * *
You can move again.
Things that are here:
a +0 dagger; a +0 robe; a kobold corpse You miss the kobold demonologist.
You barely miss the crimson imp. You slash the floating eye!
You kill the floating eye!
You closely miss the sixfirhy. You hit the crimson imp.
You feel yourself slow down.
The kobold demonologist mumbles some strange words.
Your Fighting skill increases to level 8!
Your Armour skill increases to level 8!
Your Shields skill increases to level 8!
It was a potion of attraction.
You feel attractive to monsters. The crimson imp barely misses you.
The crimson imp hits you.
* * * LOW HITPOINT WARNING * * *
The sixfirhy closely misses you. The kobold demonologist misses you.
The ice devil hits you!
You die...

####################
)..#..'.$#__#$.5.K.#
#..').#$.'..'.$#@35#
##+#####+#__####45.+
#### #####


You could see an ice devil (summoned), a kobold demonologist, a sixfirhy
(summoned) and 3 crimson imps.

Vanquished Creatures
  A kobold demonologist (D)
  A slime creature (D)
  Sigmund (D)
  A floating eye (D)
  An ogre (D)
  Ijyb (D)
6 creatures vanquished.

Notes
Turn   | Place    | Note
-------+----------+-------------------------------------------
     0 | D        | Heoruswealwe the Demigod Fighter began the quest for the
                  | Orb.
     0 | D        | Reached XP level 1. HP: 18/18 MP: 3/3
     2 | D        | Noticed Ijyb
     8 | D        | Killed Ijyb
     9 | D        | Reached XP level 2. HP: 25/27 MP: 4/4
    24 | D        | Noticed an ogre
    35 | D        | Killed an ogre
    36 | D        | Reached skill level 5 in Fighting
    36 | D        | Reached skill level 5 in Armour
    36 | D        | Reached skill level 5 in Shields
    36 | D        | Reached XP level 3. HP: 24/36 MP: 5/5
    36 | D        | Reached XP level 4. HP: 28/42 MP: 6/6
    39 | D        | Noticed Sigmund
    44 | D        | Killed Sigmund
    45 | D        | Reached skill level 5 in Axes
    45 | D        | Reached XP level 5. HP: 36/51 MP: 7/7
    54 | D        | Noticed a slime creature
    64 | D        | Killed a slime creature
    65 | D        | Reached XP level 6. HP: 39/60 MP: 8/8
    74 | D        | Noticed a kobold demonologist
    74 | D        | Noticed a kobold demonologist
    77 | D        | Killed a kobold demonologist
    78 | D        | Reached XP level 7. HP: 59/67 MP: 9/9
    78 | D        | Paralysed by a floating eye for 2 turns
    79 | D        | Noticed a sixfirhy
    80 | D        | HP: 2/67 [crimson imp[a kobold demonologist] (3)]
    82 | D        | Noticed an ice devil
    82 | D        | Mangled by an ice devil

Illustrated notes

Levels and vault maps discovered:
D:        dungeon_sprint_1 [red_sonja_temple_1, red_sonja_temple_small_1]

Skill      XL: |  1  2  3  4  5  6  7 |
---------------+----------------------+-----
Fighting       | 3 5 6 7 8 |  8.2
Axes           | 3 4 5 6 7 |  7.9
Armour         | 3 5 6 7 8 |  8.2
Shields        | 3 5 6 7 8 |  8.2

Action                     |  1- 3 |  4- 6 |  7- 9 || total
---------------------------+-------+-------+-------++-------
  Melee: War axe           |    13 |    14 |     1 ||    28
  Evoke: Wand              |     1 |       |       ||     1
    Use: Potion            |     3 |     2 |     1 ||     6
 Armour: Scale mail        |       |     2 |     1 ||     3
  Dodge: Dodged            |     7 |     3 |     3 ||    13
  Block: Buckler           |     3 |     1 |       ||     4
